 Seeded DCSS version 0.31-a0-208-gdb31a4691d (webtiles) character file.

Game seed: 10414033630809901341 (custom seed)

724 innerfire43 the Trooper (level 7, -4/58 HPs)
             Began as a Demonspawn Monk on June 28, 2023.
             Was a Follower of Ru.
             Slain by a gnoll
             ... wielding a +0 halberd
             ... led by a gnoll bouda
              (15 damage)
             ... on level 5 of the Dungeon.
             The game lasted 00:04:37 (3493 turns).

innerfire43 the Trooper (Demonspawn Monk)           Turns: 3493, Time: 00:04:39

Health: -4/58      AC:  3    Str: 14    XL:     7   Next: 43%
Magic:  7/7        EV: 11    Int: 11    God:    Ru [*.....]
Gold:   198        SH:  5    Dex: 15    Spells: 6/6 levels left

rFire   . . .        n - +9 great sword of Sewiefups {heavy, Stlth+}
rCold   . . .        (shield currently unavailable)
rNeg    . . .        b - +0 robe
rPois   .            (no helmet)
rElec   .            (no cloak)
rCorr   .            j - +0 pair of gloves
SInv    .            (no boots)
Will    .....        m - amulet of reflection
Stlth   ++           h - +4 ring of slaying
HPRegen 0.29/turn    (no ring)
MPRegen 0.10/turn

%: reflection
@: weakened
A: hooves 2, demonic guardian 2, inability to train dodging, weakness stinger 1
a: Renounce Religion


You were on level 5 of the Dungeon.
You worshipped Ru.
Ru was aware of your devotion.
You visited 1 branch of the dungeon, and saw 5 of its levels.

You collected 198 gold pieces.

Inventory:

Hand Weapons
 a - a +0 falchion
 n - the +9 great sword of Sewiefups (weapon) {heavy, Stlth+}
   (You found it on level 2 of the Dungeon)

   Stlth:     It makes you more stealthy.
Armour
 b - a +0 robe (worn)
 j - a +0 pair of gloves (worn)
Jewellery
 h - a +4 ring of slaying (left hand)
 m - an amulet of reflection (around neck)
 q - a ring of positive energy
 s - a ring of protection from fire
 u - a ring of wizardry
Wands
 f - a wand of flame (21)
 t - a wand of paralysis (10)
Scrolls
 d - 2 scrolls of immolation {unknown}
 e - 3 scrolls of identify {unknown}
 g - 4 scrolls of teleportation {unknown}
 i - 3 scrolls of revelation {unknown}
 k - a scroll of blinking {unknown}
 l - a scroll of fog {unknown}
 p - 2 scrolls of fear {unknown}
 r - a scroll of brand weapon {unknown}
Potions
 c - 2 potions of ambrosia


   Skills:
 + Level 6.1 Fighting
 * Level 5.5 Long Blades
   Level 0.0 Dodging


You had 6 spell levels left.
You didn't know any spells.
Your spell library was empty.

Dungeon Overview and Level Annotations

Branches:
Dungeon (5/15)             Temple (0/1) D:4

Altars:
Ru
Wu Jian


Innate Abilities, Weirdness & Mutations

You have hoof-like feet.
A demonic guardian rushes to your aid.
You cannot train Dodging skill.
You have a small tail.


Message History

The gnoll hits you from afar with a +2 spear of venom!
You are poisoned.
You redirect the gnoll bouda's attack!
There is an open door here.
You feel sick.
The gnoll bouda gazes fiercely through you!
You feel as though you will be weak longer.
The gnoll hits you from afar with a +2 spear of venom.
You are more poisoned.
You feel very sick.
The gnoll bouda gazes fiercely through you!
You feel as though you will be weak longer.
The gnoll hits you from afar with a +0 halberd.
You feel very sick.
You feel very sick.
You feel better. The gnoll hits you but does no damage.
There are monsters nearby!
The gnoll hits you with a +0 halberd. The gnoll closely misses you.
You slash the gnoll!
You kill the gnoll!
The gnoll hits you from afar with a +0 spear.
You block the gnoll's attack.
The gnoll is no longer moving quickly.
The gnoll hits you with a +0 spear.
The gnoll bouda barks out a call to the hunt!
The gnoll picks up the pace!
Things that are here:
a +0 halberd; 11 gold pieces You cut the gnoll into ribbons!!!
You kill the gnoll!
The gnoll is no longer moving quickly.
The gnoll closely misses you.
The gnoll bouda barks out a call to the hunt!
The gnoll picks up the pace!
You slice the gnoll bouda!!
You kill the gnoll bouda!
The gnoll is no longer moving quickly.
The gnoll misses you.
The gnoll hits you from afar with a +0 halberd!
* * * LOW HITPOINT WARNING * * *
A demonic guardian appears!
The gnoll hits you from afar with a +0 halberd!
You die...

..........#
..........##########
...................+
..............#....#
..............#....####
+###.....og...#.......#
#.###+#g##.#.#####.# #.
#)##.#.# #.# #
#@##.#.#####'####
#4##.#.#........#
#.##.#.#........#
#.##.. #........#
#.#### #........# #.#
#........#
#.######..†.....#
#......'........#
########........#


You could see 2 gnolls, an orc and a friendly ice devil (summoned).

Vanquished Creatures
  The ghost of zazu2006 the Nimble, an amateur GnWn of Vehumet (D:3)
  A kobold brigand (D:3)
  A scorpion (D:5)
  3 jellies
  A howler monkey (D:4)
  2 gnoll boudas
  Terence (D:2)
  An iguana (D:4)
  An orc wizard (D:4)
  11 gnolls
  5 adders
  2 worms
  3 dart slugs
  7 orcs (D:3)
  6 endoplasms
  2 giant cockroaches
  9 goblins
  7 hobgoblins
  7 jackals
  12 kobolds
  4 quokkas
  10 ball pythons
  8 bats
  4 frilled lizards
  4 rats
113 creatures vanquished.

Vanquished Creatures (collateral kills)
  3 orcs (D:4)
  An endoplasm (D:1)
  2 kobolds (D:3)
  A ball python (D:4)
  A rat (D:1)
8 creatures vanquished.

Grand Total: 121 creatures vanquished

Notes
Turn   | Place    | Note
-------+----------+-------------------------------------------
     0 | D:1      | innerfire43 the Demonspawn Monk began the quest for the
                  | Orb.
     0 | D:1      | Reached XP level 1. HP: 18/18 MP: 1/1
    92 | D:1      | Gained mutation: A weak demonic guardian rushes to your
                  | aid. [demonic ancestry]
    92 | D:1      | Reached XP level 2. HP: 20/24 MP: 2/2
   506 | D:1      | Discovered your monstrous ancestry.
   506 | D:1      | Gained mutation: You have large cloven feet. [demonic
                  | ancestry]
   506 | D:1      | Reached XP level 3. HP: 23/29 MP: 3/3
   843 | D:2      | Identified the +9 great sword of Sewiefups {heavy, Stlth+}
   956 | D:2      | Noticed Terence
   962 | D:2      | Killed Terence
   963 | D:2      | Gained mutation: You have hoof-like feet. [demonic
                  | ancestry]
   963 | D:2      | Reached XP level 4. HP: 16/37 MP: 4/4
  1231 | D:2      | Reached skill level 4 in Fighting
  1662 | D:3      | Reached XP level 5. HP: 42/43 MP: 5/5
  1724 | D:3      | Found a faded altar of an unknown god.
  1979 | D:3      | Found an ornate altar of the Wu Jian Council.
  2121 | D:3      | Found a runed translucent gate.
  2121 | D:3      | Found a runed translucent gate.
  2121 | D:3      | Found a runed translucent gate.
  2124 | D:3      | Noticed zazu2006's ghost (amateur GnWn)
  2410 | D:3      | Prayed at the altar of an unknown god.
  2410 | D:3      | Became a worshipper of Ru the Awakened
  2411 | D:3      | Gained mutation: You cannot train Dodging skill. [Ru
                  | sacrifice]
  2411 | D:3      | Reached * piety under Ru
  2499 | D:3      | Killed zazu2006's ghost
  2500 | D:3      | Reached skill level 5 in Fighting
  2500 | D:3      | Gained mutation: You have a small tail. [demonic ancestry]
  2500 | D:3      | Reached XP level 6. HP: 28/51 MP: 6/6
  2754 | D:4      | Found a staircase to the Ecumenical Temple.
  2924 | D:4      | Gained mutation: A demonic guardian rushes to your aid.
                  | [demonic ancestry]
  2924 | D:4      | Reached XP level 7. HP: 57/57 MP: 7/7
  2958 | D:4      | Reached skill level 5 in Long Blades
  3406 | D:5      | Entered Level 5 of the Dungeon
  3409 | D:5      | Reached skill level 6 in Fighting
  3493 | D:5      | Slain by a gnoll

Illustrated notes

Levels and vault maps discovered:
D:1:      heliophobic_arrival_henge, layout_basic
D:2:      layout_rooms, uniq_terence
D:3:      layout_loops_corners, mainiacjoe_overflow_cross_hatched,
          nicolae_wu_jian_immortal_techniques, gammafunk_ghost_nasty_kobolds,
          shapermc_ecumenical_altar_flowoftime
D:4:      layout_rooms, minmay_temple_entry_glassed_door
D:5:      layout_basic, slow_altar_2, minmay_fire_ice_demons

Skill      XL: |  1  2  3  4  5  6  7 |
---------------+----------------------+-----
Dodging        | 3 4 0 |  0.0
Long Blades    | 3 4 5 |  5.5
Fighting       | 4 5 6 |  6.1

Action                     |  1- 3 |  4- 6 |  7- 9 || total
---------------------------+-------+-------+-------++-------
  Melee: Falchion          |    61 |       |       ||    61
         Great sword       |    10 |    84 |    24 ||   118
         Kick              |     2 |     7 |     2 ||    11
         Tailslap          |       |     4 |     2 ||     6
 Invoke: Sacrifice Nimblen |       |     1 |       ||     1
    Use: Potion            |       |     2 |     2 ||     4
   Stab: Sleeping          |     2 |     8 |     4 ||    14
         Distracted        |     1 |       |     1 ||     2
 Armour: Robe              |    15 |    12 |     5 ||    32
  Dodge: Dodged            |    51 |    59 |    16 ||   126
  Block: Other             |     5 |    26 |     4 ||    35

Table legend: (Time is in decaauts)
 A = Elapsed time spent in this place.
 B = Non-inter-level travel time spent in this place.
 C = Inter-level travel time spent in this place.
 D = Time resting spent in this place.
 E = Time spent auto-exploring this place.
 F = Levels seen in this place.
 G = Mean time per level.
                   A        B        C        D        E       F      G
               +--------+--------+--------+--------+--------+-----+--------+
         Total |   3636 |   3445 |    191 |      0 |   2665 |   5 |  727.2 |
       Dungeon |   3636 |   3445 |    191 |      0 |   2665 |   5 |  727.2 |
               +--------+--------+--------+--------+--------+-----+--------+

Top non-repeatable levels by time:
     D:3: 1420 daAuts
     D:1: 842 daAuts
     D:4: 724 daAuts
     D:2: 555 daAuts
     D:5: 92 daAuts
